 Dungeon Crawl Stone Soup version bcrawl-1.28.1b (webtiles) character file.

Game seed: 5727442135042118741

429482 KristoblXynda the Carver (level 13, -1/111 HPs)
             Began as a Red Draconian Skald on Dec 13, 2020.
             Was an Elder of Ashenzari.
             Slain by a minotaur
             ... wielding a +2 halberd of protection
              (13 damage)
             ... in a Gauntlet.
             The game lasted 00:34:17 (16185 turns).

KristoblXynda the Carver (Red Draconian Skald)     Turns: 16185, Time: 00:34:17

Health: -1/111     AC: 13    Str: 14    XL:     13   Next: 39%
Magic:  16/16      EV: 23    Int: 18    God:    Ashenzari [****..]
Gold:   810        SH:  7    Dex: 21    Spells: 5/16 levels left

rFire    + . .     SeeInvis +   t - +3 scimitar (flame) (curse)
rCold    . . .     Gourm    .   (no shield)
rNeg     . . .     Faith    .   (armour unavailable)
rPois    .         Spirit   .   (helmet restricted)
rElec    +         Reflect  .   i - +1 cloak
rCorr    .         Harm     .   C - +0 pair of gloves
MR       +....     Clarity  +   d - +1 pair of boots of Puraloiwn {MR+} (curse) Stlth +++.......NoTele +
                                a - amulet of Roemav {Acrobat rElec} (curse)
HPRegen  0.28/turn              h - +8 ring of dexterity (curse)
MPRegen  0.15/turn              D - ring "Ixaned" {Dex+2 SInv Stlth+}

@: short of breath
A: breathe fire, unfitting armour, fire resistance 1, cold-blooded, AC +8
a: Breathe Fire, Curse Item, Scrying, Renounce Religion


You were in a Gauntlet.
You worshipped Ashenzari.
Ashenzari was greatly pleased with you.
You were not hungry.

You visited 4 branches of the dungeon, and saw 16 of its levels.
You also visited: Ossuary and Gauntlet.

You collected 1147 gold pieces.
You spent 337 gold pieces at shops.

Inventory:

Hand Weapons
 t - a cursed +3 scimitar of flaming (weapon)
 A - the cursed +0 falchion of Perversion {slice, +Blink rF+ Str+7 Stlth+}
   (You found it on level 1 of the Lair of Beasts)

   It will always inflict at least some extra damage.
   This minimum extra damage increases with your current reserve of magical
   power.
   It affects your strength (+7).
   It protects you from fire.
   It lets you blink.
   It makes you more stealthy.
   It has a curse placed upon it.
Missiles
 z - 2 throwing nets {=f}
Armour
 d - the cursed +1 pair of boots of Puraloiwn (worn) {MR+}
   (You found it in a Gauntlet)

   It affects your resistance to hostile enchantments.
   It has a curse placed upon it.
 i - a +1 cloak (worn)
 B - a +1 pair of boots of stealth
 C - a +0 pair of gloves (worn)
Jewellery
 a - the cursed amulet of Roemav (around neck) {Acrobat rElec}
   (You acquired it on level 9 of the Dungeon)

   [amulet of the acrobat]

   It helps you evade while moving and waiting.
   It insulates you from electricity.
   It has a curse placed upon it.
 h - a cursed +8 ring of dexterity (left hand)
 D - the ring "Ixaned" (right hand) {Dex+2 SInv Stlth+}
   (You found it on level 9 of the Dungeon)

   [ring of see invisible]

   It affects your dexterity (+2).
   It lets you see invisible.
   It makes you more stealthy.
 F - the cursed necklace of Bloodlust {Rage *Rage MR++ Int-3 Slay+6 *Curse}
   (You found it in a Gauntlet)

   [amulet of rage]

   It affects your intelligence (-3).
   It affects your accuracy and damage with ranged weapons and melee attacks
   (+6).
   It affects your resistance to hostile enchantments.
   It may make you go berserk in combat.
   It curses itself when equipped.
   It has a curse placed upon it.
Wands
 p - a wand of digging (4)
 v - a wand of iceblast (4)
Scrolls
 f - 12 scrolls of remove curse
 j - 2 scrolls of enchant armour
 m - 2 scrolls of magic mapping
 n - 2 scrolls of brand weapon {unknown}
 q - 2 scrolls of fear
 r - 6 scrolls of fog
 s - 7 scrolls of teleportation
 y - a scroll of immolation
 E - 2 scrolls of noise {unknown}
Potions
 b - a potion of berserk rage {unknown}
 c - 2 potions of cancellation {unknown}
 g - 3 potions of lignification
 k - a potion of flight
 l - 3 potions of ambrosia
 o - 5 potions of magic
 u - 4 potions of haste
 w - a potion of resistance
 x - 2 potions of might
 H - a potion of heal wounds
Miscellaneous
 G - a lamp of fire (inert)
Comestibles
 e - 17 rations {!d}


   Skills:
 + Level 9.1 Fighting
 + Level 13.1(16.1) Long Blades
 + Level 12.3 Dodging
 - Level 2.0 Spellcasting
 - Level 10.0(12.1) Charms
 + Level 3.5(5.6) Evocations


You had 5 spell levels left.
You knew the following spells:

 Your Spells              Type           Power        Failure   Level  Hunger
b - Ozocubu's Armour      Chrm/Ice       ###.....     4%          3    ####...
c - Regeneration          Chrm/Necr      ###.......   4%          3    ####...
d - Spectral Weapon       Hex/Chrm       ###.....     4%          3    ####...
e - Song of Slaying       Chrm           #####...     1%          2    ##.....

Your spell library contained the following spells:

 Spells                   Type           Power        Failure   Level  Hunger
 Infusion                 Chrm           #####...     1%          1    None
 Confuse                  Hex            #.......     43%         3    ####...
 Dazzling Orbs            Conj/Hex       #......      43%         3    ####...
 Petrify                  Tmut/Erth      #.........   85%         4    ######.
 Yara's Violent Unravell  Hex/Tmut       #.........   85%         4    ######.
 Metabolic Englaciation   Hex/Ice        #.........   99%         5    #######
 Mana Rupture             Conj/Hex       #.........   100%        7    #######


Dungeon Overview and Level Annotations

Branches:
Dungeon (12/12)            Temple (1/1) D:5            Lair (2/6) D:7
 Shoals (0/3) Lair:2          Orc (1/1) D:11         Vaults (0/3) D:12
 Depths (0/5) D:12
  Snake: Lair:2-4    Spider: Lair:2-4       Elf: Orc:1

Altars:
Ashenzari
Cheibriados
Dithmenos
Elyvilon
Fedhas
Gozag
Hepliaklqana
Kikubaaqudgha
Lugonu
Makhleb
Nemelex Xobeh
Okawaru
Qazlal
Ru
Sif Muna
Trog
Uskayaw
Vehumet
Wu Jian
Xom
Yredelemnul
Zin
The Shining One

Shops:
D:4 }   D:5 *   D:6 *   D:12 !

Annotations:
D:8 2 runed translucent doors, yrara's ghost, novice DsFi
Lair:1 3 runed translucent doors, Quickbrownfox's ghost, journeyman MiAc Gauntlet 10 transporters, exclusion: 2 lightning spires


Innate Abilities, Weirdness & Mutations

You can breathe blasts of fire.
Your fiery red scales are hard. (AC +8)
You cannot fit into any form of body armour.
Your flesh is heat resistant. (rF+)
You are cold-blooded and may be slowed by cold attacks.


Message History

You slash the minotaur! You burn the minotaur.
The minotaur is moderately wounded.
The minotaur is engulfed in blazing flames.
The minotaur completely misses you.
The minotaur gores you but does no damage.
You hit the minotaur but do no damage.
The minotaur is moderately wounded.
You slice the minotaur!! You burn the minotaur.
The minotaur is severely wounded.
The minotaur is engulfed in blazing flames.
The minotaur closely misses you. The minotaur gores you!
* * * LOW HITPOINT WARNING * * *
No path to travel!
You hit the minotaur but do no damage.
The minotaur is severely wounded.
The minotaur is engulfed in blazing flames.
The minotaur hits you with a +2 halberd of protection!
* * * LOW HITPOINT WARNING * * *
The minotaur gores you!
You die...

©. ..#..#..#######
.##..####..##....#
##.#.#©....##.##.#
8.##.####.....##.#
h/(8.#..#..##.##.### **
######..#..##....#.# ≈#
.......8#..##.##.#.#.≈≈#
.......⌠#.....##.H...∩≈#
.......8#..##.##@#.#.≈≈#
######..#..##....#.#≈≈≈#
©....#..#..##.##.###*
...#.####.....##.#
###..#©....##.##.#
.##..####..##....#
©....#..#..#######
.##..#..#### ###..#..#


You could see a minotaur.

Vanquished Creatures
  An ettin (D:11)
  4 hydras
  A catoblepas (D:11)
  3 centaur warriors (D:12)
  2 ogre magi (D:12)
  2 dancing weapons (D:12)
  7 two-headed ogres
  A tengu warrior (D:12)
  Sonja (D:10)
  A hell knight (D:12)
  2 cyclopes
  A wolf spider zombie (D:12)
  Pikel (D:7)
  A deep elf mage (D:12)
  2 manticores (D:11)
  An orc knight (D:12)
  A moth of wrath (Gauntlet)
  2 ugly things
  2 cane toads
  A torpor snail (Gauntlet)
  A centaur skeleton (D:11)
  A rime drake (Lair:1)
  An efreet (D:11)
  2 komodo dragons
  4 trolls
  9 slime creatures
  5 hippogriffs
  A hippogriff (shapeshifter) (D:12)
  3 redbacks (Gauntlet)
  A centaur simulacrum (D:12)
  A vampire (D:12)
  A wyvern (D:11)
  A steam dragon (D:9)
  A hungry ghost (D:11)
  Menkaure (D:5)
  Edmund (D:4)
  A two-headed ogre zombie (D:11)
  A water moccasin (Lair:2)
  4 crocodiles
  A porcupine (Lair:1)
  Duvessa (D:4)
  An orc warrior (D:10)
  3 sky beasts
  2 eyes of draining
  3 ice beasts
  A black bear (D:7)
  6 phantoms
  6 ogres
  6 centaurs
  2 big kobolds
  2 elf zombies (Ossuary)
  7 bullfrogs
  An elf skeleton (D:7)
  Dowan (D:4)
  A scorpion (D:5)
  4 troll zombies (D:11)
  9 killer bees
  15 wights
  2 howler monkeys (D:7)
  6 crimson imps
  2 bullfrog zombies
  A quasit (D:12)
  4 jellies
  An orc priest (D:10)
  3 hounds
  A bullfrog skeleton (D:6)
  5 orc wizards
  Jessica (D:3)
  An iguana (D:3)
  5 worker ants
  4 human skeletons (D:7)
  3 ogre zombies (D:11)
  A big kobold zombie (Ossuary)
  2 hound zombies
  A hound skeleton (D:8)
  4 mummies (Ossuary)
  A worker ant zombie (D:9)
  Robin (D:2)
  8 gnolls
  13 adders
  2 shadow imps (D:5)
  2 oozes
  An adder zombie (D:3)
  7 worms
  3 dart slugs (D:1)
  A leopard gecko (D:1)
  14 orcs
  2 ball pythons
  4 giant cockroaches
  15 goblins
  15 hobgoblins
  20 jackals
  19 kobolds
  4 quokkas
  5 bats
  4 frilled lizards
  A goblin skeleton (D:11)
  3 goblin zombies
  2 hobgoblin zombies
  A jackal zombie (Ossuary)
  2 orc skeletons
  17 orc zombies
  10 rats
  2 rat zombies (Ossuary)
  A plant (D:7)
376 creatures vanquished.

Vanquished Creatures (others)
  3 slaves (D:7)
  A howler monkey (D:7)
  6 orc zombies (D:11)
  8 fungi (D:5)
  A plant (Lair:2)
19 creatures vanquished.

Grand Total: 395 creatures vanquished

Notes
Turn   | Place    | Note
-------+----------+-------------------------------------------
     0 | D:1      | KristoblXynda the Draconian Skald began the quest for the
                  | Orb.
     0 | D:1      | Reached XP level 1. HP: 17/17 MP: 3/3
   185 | D:1      | Reached XP level 2. HP: 17/24 MP: 5/5
   608 | D:1      | Reached XP level 3. HP: 29/29 MP: 6/6
   691 | D:1      | Reached skill level 3 in Long Blades
  1445 | D:2      | Reached XP level 4. HP: 16/36 MP: 7/7
  1567 | D:2      | Identified the +2 helmet of Xeminapp {*Contam +Blink
                  | Slay+2}
  1567 | D:2      | Noticed Robin
  1864 | D:2      | Killed Robin
  2000 | D:2      | Found an iron altar of Okawaru.
  2013 | D:2      | Found an ornate altar of the Wu Jian Council.
  2299 | D:3      | Reached XP level 5. HP: 36/41 MP: 8/8
  2551 | D:3      | Reached skill level 4 in Long Blades
  3081 | D:3      | Noticed Jessica
  3099 | D:3      | Killed Jessica
  3283 | D:4      | Noticed an ogre
  3462 | D:3      | Learned a level 3 spell: Ozocubu's Armour
  3500 | D:4      | Reached XP level 6. HP: 40/48 MP: 9/9
  3550 | D:4      | Noticed Edmund
  3578 | D:4      | Killed Edmund
  3733 | D:4      | Found Bewih's Gadget Shop.
  3755 | D:4      | Reached skill level 5 in Long Blades
  3986 | D:4      | Your scales start taking on a fiery red colour.
  3986 | D:4      | Reached XP level 7. HP: 49/55 MP: 6/10
  3986 | D:4      | Gained mutation: Your flesh is heat resistant. (rF+) [Red
                  | Draconian growth]
  4167 | D:4      | Got a crystal mace
  4232 | D:4      | Found a stormy altar of Qazlal.
  4242 | D:4      | Noticed Dowan
  4244 | D:4      | Noticed Duvessa
  4256 | D:4      | Killed Duvessa
  4257 | D:4      | Reached skill level 5 in Dodging
  4272 | D:4      | Killed Dowan
  4601 | D:5      | Entered Level 5 of the Dungeon
  4652 | D:5      | Reached skill level 6 in Long Blades
  4741 | D:5      | Found a staircase to the Ecumenical Temple.
  4880 | D:5      | Reached XP level 8. HP: 61/61 MP: 11/11
  4889 | D:5      | Identified the +8 mace of Past Mistakes {drain, rC++} (You
                  | found it on level 4 of the Dungeon)
  5015 | D:5      | Noticed a hippogriff
  5021 | D:5      | Killed a hippogriff
  5310 | D:5      | Noticed Menkaure
  5326 | D:5      | Killed Menkaure
  5327 | D:5      | Reached skill level 5 in Charms
  5387 | D:5      | Found Vualodan's Assorted Antiques.
  5428 | D:5      | Reached skill level 7 in Long Blades
  5841 | D:6      | Found Hunam's General Store.
  5906 | D:6      | Reached XP level 9. HP: 64/67 MP: 12/12
  5930 | D:6      | Found a shimmering blue altar of Sif Muna.
  6000 | D:6      | Found a glowing silver altar of Zin.
  6167 | D:6      | Reached skill level 8 in Long Blades
  6225 | Temple   | Entered the Ecumenical Temple
  6304 | Temple   | Became a worshipper of Ashenzari the Shackled
  6510 | D:5      | Bought a smoking iron amulet for 115 gold pieces
  6510 | D:5      | Identified the amulet of Xytzacli {Inacc Dex+4} (You bought
                  | it in a shop on level 5 of the Dungeon)
  6510 | D:5      | Bought a pair of runed boots for 172 gold pieces
  6692 | D:7      | Noticed Pikel
  6698 | D:7      | Noticed a komodo dragon
  6757 | D:7      | Killed Pikel
  6809 | D:7      | Found a sand-covered staircase.
  6824 | Ossuary  | Entered an ossuary
  7011 | Ossuary  | Reached skill level 9 in Long Blades
  7213 | D:7      | Killed a komodo dragon
  7352 | D:7      | Found a staircase to the Lair.
  7419 | D:7      | Found a sparkling altar of Nemelex Xobeh.
  7453 | D:7      | Reached XP level 10. HP: 53/73 MP: 13/13
  8205 | D:8      | Found a large runed translucent door.
  8205 | D:8      | Found a large runed translucent door.
  8207 | D:8      | Noticed yrara's ghost (novice DsFi)
  8303 | D:8      | Reached * piety under Ashenzari
  8455 | D:8      | Noticed a two-headed ogre
  8465 | D:8      | Killed a two-headed ogre
  8466 | D:8      | Reached skill level 10 in Long Blades
  8854 | D:9      | Identified a scroll of acquirement
  8856 | D:9      | Identified the cursed amulet of Roemav {Acrobat rElec} (You
                  | acquired it on level 9 of the Dungeon)
  8915 | D:9      | Found a radiant altar of Vehumet.
  8919 | D:9      | Identified the ring "Ixaned" {Dex+2 SInv Stlth+}
  9192 | D:9      | Identified the amulet "Luom" {Inacc Str+4}
  9397 | D:9      | Reached ** piety under Ashenzari
  9679 | D:10     | Entered Level 10 of the Dungeon
  9684 | D:10     | Learned a level 3 spell: Regeneration
  9688 | D:10     | Learned a level 3 spell: Spectral Weapon
  9691 | D:10     | Learned a level 2 spell: Song of Slaying
  9876 | D:10     | Noticed a two-headed ogre
  9882 | D:10     | Killed a two-headed ogre
  9883 | D:10     | Reached skill level 10 in Dodging
  9980 | D:10     | Noticed a cyclops
  9996 | D:10     | Noticed a two-headed ogre
 10006 | D:10     | Killed a two-headed ogre
 10007 | D:10     | Reached XP level 11. HP: 68/79 MP: 14/14
 10073 | D:10     | Killed a cyclops
 10176 | D:10     | Noticed Sonja
 10188 | D:10     | Killed Sonja
 10189 | D:10     | Reached skill level 11 in Long Blades
 10314 | D:10     | Noticed a four-headed hydra
 10320 | D:10     | Killed a five-headed hydra
 11005 | D:11     | Found a staircase to the Orcish Mines.
 11109 | D:11     | Noticed a two-headed ogre
 11116 | D:11     | Noticed a purple ugly thing
 11254 | D:10     | Killed a purple ugly thing
 11366 | D:11     | Killed a two-headed ogre
 11461 | D:11     | Noticed a cyan ugly thing
 11474 | D:11     | Killed a cyan ugly thing
 11475 | D:11     | Reached skill level 5 in Fighting
 11552 | D:11     | Noticed a cyclops
 11567 | D:11     | Killed a cyclops
 11839 | D:11     | Noticed a catoblepas
 11852 | D:11     | Killed a catoblepas
 12206 | D:11     | Reached XP level 12. HP: 95/95 MP: 15/15
 12538 | D:11     | Reached *** piety under Ashenzari
 12872 | Orc      | Entered the Orcish Mines
 12890 | D:12     | Entered Level 12 of the Dungeon
 12890 | D:12     | Noticed an ogre mage
 12890 | D:12     | Noticed a two-headed ogre
 12890 | D:12     | Noticed a two-headed ogre
 12894 | D:12     | Noticed a five-headed hydra
 12913 | D:12     | Killed an ogre mage
 12921 | D:12     | Killed a three-headed hydra
 12922 | D:12     | Reached skill level 12 in Long Blades
 12937 | D:12     | Noticed a two-headed ogre
 12960 | D:12     | Killed a two-headed ogre
 12971 | D:12     | Noticed an ogre mage
 12986 | D:12     | Killed an ogre mage
 12987 | D:12     | Killed a two-headed ogre
 12999 | D:12     | Found Houca's Distillery.
 13168 | D:12     | Noticed an ettin
 13168 | D:12     | Noticed a two-headed ogre
 13220 | D:11     | Killed an ettin
 13242 | D:11     | Killed a two-headed ogre
 13366 | D:12     | Noticed a centaur warrior
 13379 | D:12     | Killed a centaur warrior
 13380 | D:12     | Reached skill level 10 in Charms
 13607 | D:12     | Found a gate to the Vaults.
 13615 | D:12     | Noticed a centaur warrior
 13650 | D:12     | Killed a centaur warrior
 13651 | D:12     | Reached skill level 1 in Evocations
 13651 | D:12     | Reached XP level 13. HP: 96/107 MP: 16/16
 13720 | D:12     | Found a staircase to the Depths.
 13794 | D:12     | Bought a potion of heal wounds for 50 gold pieces
 13878 | D:12     | Found a shadowy altar of Dithmenos.
 14258 | Lair:1   | Entered Level 1 of the Lair of Beasts
 14331 | Lair:1   | Noticed Quickbrownfox's ghost (journeyman MiAc)
 14335 | Lair:1   | Found a runed translucent gate.
 14335 | Lair:1   | Found a runed translucent gate.
 14335 | Lair:1   | Found a runed translucent gate.
 14521 | Lair:1   | Identified the cursed +0 falchion of Perversion {slice,
                  | +Blink rF+ Str+7 Stlth+}
 15258 | Lair:2   | Found a staircase to the Shoals.
 15259 | Lair:2   | Found a gate leading to a gauntlet.
 15267 | Gauntlet | Entered a Gauntlet
 15267 | Gauntlet | Found a transporter.
 15267 | Gauntlet | Found a transporter.
 15271 | Gauntlet | Found a transporter.
 15271 | Gauntlet | Found a transporter.
 15281 | Gauntlet | Found a transporter.
 15281 | Gauntlet | Found a transporter.
 15291 | Gauntlet | Found a transporter.
 15291 | Gauntlet | Found a transporter.
 15298 | Gauntlet | Reached **** piety under Ashenzari
 15346 | Gauntlet | Found a transporter.
 15362 | Gauntlet | Found a transporter.
 15380 | Gauntlet | Found a transporter.
 15398 | Gauntlet | Found a transporter.
 15471 | Gauntlet | Found a transporter.
 15481 | Gauntlet | Identified the +7 mace "Toymuro" {vamp, +Blink rElec rF+
                  | Int-4}
 15488 | Gauntlet | Found a transporter.
 15502 | Gauntlet | Found a transporter.
 15503 | Gauntlet | Identified the ring "Arotoare" {+Blink MP+9 SInv}
 15515 | Gauntlet | Found a transporter.
 15518 | Gauntlet | Found the cursed necklace of Bloodlust {Rage *Rage MR++
                  | Int-3 Slay+6 *Curse}
 15734 | Gauntlet | Reached skill level 13 in Long Blades
 15838 | Gauntlet | HP: 4/111 [poisoned by a redback]
 16018 | Gauntlet | Got the uncursed pair of boots of Puraloiwn {MR+}
 16035 | Gauntlet | Identified the +1 pair of boots of Puraloiwn {MR+} (You
                  | found it in a Gauntlet)
 16138 | Gauntlet | Identified the +0 pair of boots of Mezcal {SInv}
 16169 | Gauntlet | Noticed a minotaur
 16185 | Gauntlet | Slain by a minotaur

Skill      XL: |  1  2  3  4  5  6  7  8  9 10 11 12 13 |
---------------+----------------------------------------+-----
Charms         | 3 4 5 6 7 8 10 | 10.0
Long Blades    | 3 4 5 6 7 9 10 11 12 13 | 13.1
Dodging        | 3 4 5 7 8 10 11 12 | 12.3
Fighting       | 5 8 9 |  9.1
Evocations     | 1 3 |  3.5
Spellcasting   | |  2.0

Action                   |  1- 3 |  4- 6 |  7- 9 | 10-12 | 13-15 || total
-------------------------+-------+-------+-------+-------+-------++-------
Melee: Long sword        |   152 |    71 |       |       |       ||   223
       Tailslap          |    18 |    38 |    89 |   130 |    25 ||   300
       Dagger            |       |   225 |    82 |       |       ||   307
       Falchion          |       |       |   406 |   454 |       ||   860
       Scimitar          |       |       |       |   280 |   158 ||   438
 Cast: Infusion          |       |     4 |     2 |       |       ||     6
Invok: Curse Item        |       |       |     1 |     1 |     1 ||     3
 Abil: Breathe Fire      |       |       |    10 |    19 |     5 ||    34
Evoke: Wand              |       |       |       |     9 |       ||     9
       Lamp of fire      |       |       |       |     1 |       ||     1
  Use: Scroll            |       |     3 |    11 |    14 |     1 ||    29
       Potion            |       |       |       |     1 |     9 ||    10
 Stab: Sleeping          |     1 |     2 |     4 |    17 |     4 ||    28
       Distracted        |       |       |     1 |     2 |       ||     3
  Eat: Chunk             |     5 |    11 |    11 |    17 |     4 ||    48
       Ration            |       |     1 |     3 |     5 |     2 ||    11
Armor: Skin              |    39 |    53 |    98 |    94 |    31 ||   315
Dodge: Dodged            |    90 |   159 |   391 |   510 |   132 ||  1282
Block: Other             |       |     2 |    55 |   143 |    45 ||   245
